 Dungeon Sprint DCSS version 0.20-a0-222-gb69ddcd (webtiles) character file.

14485 esc the Grappler (level 11, -5/75 HPs)
             Began as a Troll Monk on Nov 29, 2016.
             Was a High Priest of Hepliaklqana.
             Killed by divine providence
             ... invoked by a daeva
              (10 damage)
             ... in the Dungeon (Sprint I: "Red Sonja").
             The game lasted 00:24:02 (1984 turns).

esc the Grappler (Troll Monk)                       Turns: 1984, Time: 00:24:02

Health: -5/75      AC:  5    Str: 21    XL:     11   Next: 89%
Magic:  16/16      EV: 18    Int: 11    God:    Hepliaklqana [*****.]
Gold:   18         SH:  0    Dex: 15    Spells: 10/10 levels left

rFire  + + .     SeeInvis +       - Unarmed
rCold  . . .     Gourm    +     a - +0 robe
rNeg   . . .     Faith    .     m - +1 shield {rF+}
rPois  +         Spirit   .     p - +0 mask of the Dragon {MR+ Slay+3 SInv}
rElec  .         Reflect  .     (no cloak)
rCorr  .         Harm     .     (gloves unavailable)
MR     +....     Rnd*Rage +     (boots unavailable)
Stlth  +......... NoTele   +    (no amulet)
                                (no ring)
                                q - ring of Piguif {rPois rF+}

@: confused, brilliant, glowing
A: unfitting armour, reduced essence, claws 3, berserk 1, blurry vision 2, fast
metabolism 3, frail 3, gourmand, low mp 1, regeneration 1, shaggy fur 1, tough
skin 2, no device heal 1, subdued magic 1
a: Recall Ancestor, Ancestor Identity, Transference, Idealise, Renounce Religion


You were in the Dungeon.
You worshipped Hepliaklqana.
Hepliaklqana was extremely pleased with you.
You were full.

You visited 1 branch You collected 1704 gold pieces.
You spent 1686 gold pieces at shops.

Inventory:

Missiles
 d - 15 poisoned needles
 e - 6 tomahawks (quivered)
 g - 15 curare-tipped needles
Armour
 a - a +0 robe (worn)
 m - a +1 shield of fire resistance (worn)
   (You bought it in a shop in the Dungeon)
 p - the +0 mask of the Dragon (worn) {MR+ Slay+3 SInv}
   (You bought it in a shop in the Dungeon)

   It affects your accuracy and damage with ranged weapons and melee attacks
   (+3).
   It affects your resistance to hostile enchantments.
   It lets you see invisible.
Jewellery
 q - the ring of Piguif (left claw) {rPois rF+}
   (You bought it in a shop in the Dungeon)

   [ring of protection from fire]

   It protects you from fire.
   It protects you from poison.
Scrolls
 h - a scroll of blinking {!r}
 i - 3 scrolls of fog {unknown}
 j - a scroll of recharging {unknown}
 o - a scroll of identify {unknown}
Potions
 c - 2 potions of curing
 f - 2 potions of magic
 n - a potion of ambrosia
Comestibles
 b - 2 bread rations {@e1}


   Skills:
 + Level 12.8 Fighting
 + Level 12.8 Dodging
 - Level 1.0 Stealth
 + Level 8.5 Shields
 + Level 14.9 Unarmed Combat
 + Level 11.3 Invocations


You had 10 spell levels left.
You didn't know any spells.

Dungeon Overview and Level Annotations

Branches:
Dungeon (1/1)

Altars:
Cheibriados
Dithmenos
Elyvilon
Fedhas
Gozag
Hepliaklqana
Kikubaaqudgha
Makhleb
Nemelex Xobeh
Okawaru
Qazlal
Ru
Sif Muna
Trog
Uskayaw
Vehumet
Xom
Yredelemnul
Zin
The Shining One
Jiyva
Lugonu

Shops:
D *!(!:}?!*?[[?}%=(%([!

Annotations:
D exclusion: hydra


Innate Abilities, Weirdness & Mutations

You are too large for most types of armour.
You have claws for hands.
Your metabolism is lightning-fast.
You like to eat raw meat.
Your natural rate of healing is unusually fast.
You are covered in fur. (AC +1)
You have very tough skin. (AC +2)
Your life essence is reduced. (-10% HP)
You tend to lose your temper in combat.
Scrolls take you longer to read.
You are extremely frail. (-30% HP)
Your magical capacity is low. (-10% MP)
Potions and wands are less effective at restoring your health.
Your spells are a little easier to cast, but a little less powerful.


Message History

You take 25 damage, and have 50/75 hp.
MASSIVE DAMAGE!!
You open the large door.
There is a large open door here.
You are engulfed in freezing vapours.
You see here 27 gold pieces.
You take 12 damage, and have 41/75 hp.
Unknown command.
You are engulfed in freezing vapours.
You take 12 damage, and have 29/75 hp.
Unknown command.
There is a large open door here.
The meliai calls down the wrath of its god upon you.
Something smites you!
You take 7 damage, and have 24/75 hp.
There is an open door here.
You swap places.
You close the door.
You start resting.
Health restored: 75 You open the door.
There is an open door here.
An arrow shoots out and hits you!
There is an arrow trap here.
You open the door.
There is an open door here.
You now have 18 gold pieces (gained 10).
Search for what [Enter for "flam", or ? for help]? dig Unknown command.
Unknown command.
Search for what [Enter for "dig", or ? for help]? rc+ Unknown command.
Unknown command.
You swap places.
The meliai mumbles some strange prayers to its god against you.
Something smites you!
There is an open door here.
You take 10 damage, and have 65/75 hp.
You avoid triggering an arrow trap.
There is an arrow trap here.
There is an open door here.
You avoid triggering an arrow trap.
There is an arrow trap here.
There is an open door here.
You see here a mace.
There is an open door, spattered with blood here.
There is an open door here.
Health restored: 75 You open the door.
There is an open door here.
A daeva comes into view.
It is wielding a long sword of holy wrath.
The daeva shouts!
The daeva calls down the wrath of the Shining One upon you.
The Shining One smites you!
You take 13 damage, and have 62/75 hp.
Really walk into a travel-excluded area?
The daeva calls down the wrath of the Shining One upon you.
The Shining One smites you!
You take 15 damage, and have 48/75 hp. 3 unseen horrors come into view.
You mangle the unseen horror!! The unseen horror hits you!
You block the unseen horror's attack.
Tochtli hits the unseen horror with a quarterstaff!!
The unseen horror misses you.
The daeva calls down the wrath of the Shining One upon you.
The Shining One smites you!
You take 22 damage, and have 27/75 hp.
MASSIVE DAMAGE!!
An unseen horror comes into view.
The unseen horror misses you. You block the unseen horror's attack.
The unseen horror hits you. x2
* * * LOW HITPOINT WARNING * * *
The unseen horror closely misses you.
The daeva calls down the wrath of the Shining One upon you.
The Shining One smites you!
* * * LOW HITPOINT WARNING * * *
You take 15 damage, and have 12/75 hp.
Okay, then.
Unknown command.
Unknown command.
Okay, then.
It was a potion of brilliance.
You feel clever all of a sudden. The unseen horror barely misses you.
The unseen horror misses you.
You block the unseen horror's attack. x2; The unseen horror barely misses you.
Tochtli hits the unseen horror with a quarterstaff!
It was a potion of ambrosia.
You are confused.
Your system partially rejects the healing.
You feel invigorated. The unseen horror hits you!
* * * LOW HITPOINT WARNING * * *
The unseen horror barely misses Tochtli.
The unseen horror hits you but does no damage.
The unseen horror barely misses you.
The unseen horror barely misses Tochtli.
The unseen horror hits you.
* * * LOW HITPOINT WARNING * * *
The daeva calls down the wrath of the Shining One upon you.
The Shining One smites you!
You die...

')).#..#§§§§§§§§.§.+D$#
#..§##'#§####§.§§.##G.+
#..§§..#§#.###§.§## ###
#####§§§§#'#$###'# !)##
#..##)####^.$#y#§##$$$#
§§§#..^..#..$###.§###$#
#R.#.^.§§'..$$$##x#A#$#
##'###..§#^....#R§###$#
##.'.#.§§###''##@##..$#
)###.#§.###..###xx#+###
(∩##.#§^# ##$$###x..
####.##§# #$$# ##.#
.§##.##.#


$$$$$ .# ...§§#### $$$$$$$$ # ####§# $§§$$$#### .§§#§# ##$§$### ..#§§# ##### You
could see the friendly Tochtli the battlemage, a daeva and 4 unseen horrors.

Vanquished Creatures
  2 centaur warriors (D)
  Sonja (D)
  A deep troll (D)
  2 unseen horrors (D)
  A lindwurm (D)
  7 shining eyes (D)
  An oklob plant (D)
  A gargoyle (D)
  2 kobold demonologists (D)
  2 demonic crawlers (D)
  A slime creature (D)
  A hornet (D)
  Sigmund (D)
  2 redbacks (D)
  A yak (D)
  11 hogs (D)
  6 floating eyes (D)
  An ogre (D)
  4 necrophages (D)
  7 jellies (D)
  Ijyb (D)
  A ballistomycete (D)
57 creatures vanquished.

Vanquished Creatures (collateral kills)
  A lorocyproca (D)
  A shining eye (D)
  2 demonic crawlers (D)
  2 hogs (D)
  3 necrophages (D)
  A jelly (D)
  A ballistomycete (D)
11 creatures vanquished.

Vanquished Creatures (others)
  A deep elf master archer (D)
  A merfolk siren (D)
  4 hornets (D)
  3 battlemagi (D)
  2 ballistomycete spores (D)
11 creatures vanquished.

Grand Total: 79 creatures vanquished

Notes
Turn   | Place    | Note
-------+----------+-------------------------------------------
     0 | D        | esc the Troll Monk began the quest for the Orb.
     0 | D        | Reached XP level 1. HP: 22/22 MP: 0/0
     1 | D        | Noticed Ijyb
    13 | D        | Killed Ijyb
    13 | D        | Reached skill level 3 in Fighting
    13 | D        | Reached skill level 3 in Dodging
    13 | D        | Reached skill level 4 in Unarmed Combat
    13 | D        | Reached XP level 2. HP: 30/31 MP: 1/1
    19 | D        | Noticed an ogre
    23 | D        | Killed an ogre
    23 | D        | Reached skill level 5 in Fighting
    23 | D        | Reached skill level 5 in Dodging
    23 | D        | Reached skill level 6 in Unarmed Combat
    23 | D        | Reached XP level 3. HP: 42/42 MP: 2/2
    23 | D        | Reached XP level 4. HP: 50/50 MP: 3/3
    62 | D        | Noticed Sigmund
    68 | D        | Killed Sigmund
    68 | D        | Reached skill level 6 in Fighting
    68 | D        | Reached skill level 6 in Dodging
    68 | D        | Reached skill level 7 in Unarmed Combat
    68 | D        | Reached XP level 5. HP: 61/61 MP: 4/4
    68 | D        | Reached XP level 6. HP: 68/68 MP: 5/5
    81 | D        | Found a deep blue altar of Sif Muna.
    83 | D        | Found a radiant altar of Vehumet.
    87 | D        | Reached skill level 8 in Unarmed Combat
   116 | D        | Found Ziucyoqe's Distillery.
   116 | D        | Found an ancient bone altar of Kikubaaqudgha.
   116 | D        | Found a hazy altar of Hepliaklqana.
   116 | D        | Found a stormy altar of Qazlal.
   116 | D        | Found a hide-covered altar of Uskayaw.
   116 | D        | Found a blossoming altar of Fedhas.
   116 | D        | Found a bloodstained altar of Trog.
   116 | D        | Found an iron altar of Okawaru.
   116 | D        | Found a basalt altar of Yredelemnul.
   116 | D        | Found a glowing golden altar of the Shining One.
   116 | D        | Found a snail-covered altar of Cheibriados.
   116 | D        | Found a sacrificial altar of Ru.
   116 | D        | Found a glowing silver altar of Zin.
   116 | D        | Found a shadowy altar of Dithmenos.
   116 | D        | Found a white marble altar of Elyvilon.
   116 | D        | Noticed a yak
   121 | D        | Killed a yak
   121 | D        | Reached skill level 7 in Fighting
   121 | D        | Reached skill level 7 in Dodging
   121 | D        | Reached skill level 9 in Unarmed Combat
   122 | D        | Found an opulent altar of Gozag.
   123 | D        | Found a sparkling altar of Nemelex Xobeh.
   125 | D        | Became a worshipper of Hepliaklqana the Forgotten
   125 | D        | Reached * piety under Hepliaklqana
   125 | D        | Reached ** piety under Hepliaklqana
   126 | D        | Remembered your ancestor Tochtli as a battlemage
   140 | D        | Found a burning altar of Makhleb.
   140 | D        | Found a viscous altar of Jiyva.
   140 | D        | Found a shimmering altar of Xom.
   140 | D        | Found a corrupted altar of Lugonu.
   140 | D        | Noticed a slime creature
   148 | D        | Killed a slime creature
   148 | D        | Reached skill level 8 in Fighting
   148 | D        | Reached skill level 8 in Dodging
   148 | D        | Reached XP level 7. HP: 55/72 MP: 6/6
   195 | D        | Noticed a kobold demonologist
   196 | D        | Noticed a kobold demonologist
   198 | D        | Paralysed by a floating eye for 2 turns
   201 | D        | Reached skill level 1 in Invocations
   204 | D        | Killed a kobold demonologist
   204 | D        | Reached skill level 10 in Unarmed Combat
   204 | D        | Reached skill level 3 in Invocations
   204 | D        | Reached XP level 8. HP: 80/80 MP: 6/9
   208 | D        | Killed a kobold demonologist
   208 | D        | Reached skill level 9 in Fighting
   208 | D        | Reached skill level 9 in Dodging
   208 | D        | Reached skill level 4 in Invocations
   229 | D        | Noticed Sonja
   237 | D        | HP: 16/82 [poisoned by Sonja]
   386 | D        | Noticed a deep troll
   395 | D        | Killed a deep troll
   395 | D        | Reached skill level 11 in Unarmed Combat
   395 | D        | Reached skill level 5 in Invocations
   435 | D        | Killed Sonja
   435 | D        | Reached skill level 10 in Fighting
   435 | D        | Reached skill level 10 in Dodging
   435 | D        | Reached skill level 6 in Invocations
   435 | D        | Reached XP level 9. HP: 47/90 MP: 12/12
   558 | D        | Found Leaqips's Armour Emporium.
   562 | D        | Bought a +1 shield of fire resistance for 198 gold pieces
   572 | D        | Noticed a centaur warrior
   572 | D        | Noticed a centaur warrior
   602 | D        | Killed a centaur warrior
   602 | D        | Reached skill level 2 in Shields
   602 | D        | Reached skill level 12 in Unarmed Combat
   602 | D        | Reached skill level 7 in Invocations
   605 | D        | Killed a centaur warrior
   605 | D        | Reached skill level 3 in Shields
   728 | D        | Paralysed by a hornet for 1 turns
   730 | D        | Paralysed by a hornet for 2 turns
   823 | D        | Noticed an oklob plant
   828 | D        | Killed an oklob plant
   828 | D        | Reached skill level 4 in Shields
   828 | D        | Reached skill level 8 in Invocations
   828 | D        | Reached XP level 10. HP: 82/99 MP: 13/15
   873 | D        | Reached skill level 11 in Fighting
   873 | D        | Reached skill level 11 in Dodging
   903 | D        | Reached *** piety under Hepliaklqana
   920 | D        | Killed an unseen horror
   920 | D        | Reached skill level 13 in Unarmed Combat
   921 | D        | Killed an unseen horror
   921 | D        | Reached skill level 5 in Shields
   985 | D        | Reached skill level 9 in Invocations
  1041 | D        | Found Wifynlug's Distillery.
  1041 | D        | Found Meemm's Magic Scroll Shop.
  1041 | D        | Found Lerchozok's Assorted Antiques.
  1043 | D        | Found Vivogg's Magic Scroll Emporium.
  1043 | D        | Found Gellaenn's Antique Armour Shop.
  1043 | D        | Found Velafus's Antique Armour Shoppe.
  1043 | D        | Found Esmaiss's Magic Scroll Boutique.
  1043 | D        | Found Qucvore's Gadget Emporium.
  1043 | D        | Found Boxumom's Food Shop.
  1043 | D        | Found Zammool's Jewellery Shoppe.
  1047 | D        | Found Qazej's Antique Weapon Boutique.
  1048 | D        | Found Saob's Antique Weapon Emporium.
  1048 | D        | Found Qitonabe's Food Boutique.
  1049 | D        | Bought the +0 mask of the Dragon {MR+ Slay+3 SInv} for 768 gold pieces
  1054 | D        | Found Norchas's Distillery.
  1059 | D        | Bought the ring of Piguif {rPois rF+} for 470 gold pieces
  1100 | D        | Reached **** piety under Hepliaklqana
  1101 | D        | Found Coloaneo's Assorted Antiques.
  1115 | D        | Noticed a shining eye
  1115 | D        | Noticed a shining eye
  1115 | D        | Noticed a shining eye
  1116 | D        | Noticed a shining eye
  1116 | D        | Noticed a shining eye
  1116 | D        | Noticed a shining eye
  1117 | D        | Noticed a shining eye
  1117 | D        | Noticed a shining eye
  1117 | D        | Gained mutation: Scrolls take you a little longer to read. [a shining eye]
  1118 | D        | Gained mutation: You are frail. (-10% HP) [a shining eye]
  1118 | D        | Gained mutation: Your magical capacity is low. (-10% MP) [a shining eye]
  1120 | D        | Paralysed by a floating eye for 2 turns
  1120 | D        | Gained mutation: Scrolls take you longer to read. [a shining eye]
  1120 | D        | Gained mutation: Your mind is acute. (Int +2) [a shining eye]
  1122 | D        | Killed a shining eye
  1122 | D        | Reached skill level 6 in Shields
  1122 | D        | Gained mutation: You tend to lose your temper in combat. [a shining eye]
  1124 | D        | Gained mutation: Potions and wands are less effective at restoring your health. [a shining eye]
  1124 | D        | Gained mutation: Your spells are a little easier to cast, but a little less powerful. [a shining eye]
  1129 | D        | Gained mutation: You are clumsy. (Dex -2) [a shining eye]
  1130 | D        | Killed a shining eye
  1130 | D        | Reached XP level 11. HP: 96/96 MP: 15/15
  1131 | D        | Gained mutation: You are very frail. (-20% HP) [a shining eye]
  1132 | D        | Gained mutation: You are weak. (Str -2) [a shining eye]
  1133 | D        | Killed a shining eye
  1133 | D        | Gained mutation: You are very clumsy. (Dex -4) [a shining eye]
  1135 | D        | Killed a shining eye
  1135 | D        | Gained mutation: You are extremely frail. (-30% HP) [a shining eye]
  1138 | D        | Killed a shining eye
  1138 | D        | Reached skill level 12 in Fighting
  1138 | D        | Reached skill level 12 in Dodging
  1138 | D        | Reached skill level 14 in Unarmed Combat
  1139 | D        | Killed a shining eye
  1139 | D        | Reached skill level 10 in Invocations
  1141 | D        | Killed a shining eye
  1141 | D        | Reached skill level 7 in Shields
  1143 | D        | Killed a shining eye
  1150 | D        | Found Hagarein's Book Shop.
  1150 | D        | Found Anaycs's Distillery.
  1150 | D        | Found Qoax's Gadget Boutique.
  1150 | D        | Found Syupun's Weapon Emporium.
  1277 | D        | HP: 12/72 [demonic crawler (10)]
  1278 | D        | HP: 3/72 [demonic crawler (9)]
  1394 | D        | Noticed a lindwurm
  1396 | D        | Killed a lindwurm
  1448 | D        | Bought a potion of cure mutation for 250 gold pieces
  1448 | D        | Lost mutation: You are weak. (Str -2) [potion of cure mutation]
  1448 | D        | Lost mutation: You are very clumsy. (Dex -4) [potion of cure mutation]
  1448 | D        | Lost mutation: Your mind is acute. (Int +2) [potion of cure mutation]
  1448 | D        | Lost mutation: You are clumsy. (Dex -2) [potion of cure mutation]
  1557 | D        | Reached skill level 8 in Shields
  1579 | D        | Reached skill level 11 in Invocations
  1616 | D        | Noticed a 12-headed hydra
  1729 | D        | Noticed a lorocyproca
  1733 | D        | Reached ***** piety under Hepliaklqana
  1737 | D        | Killed a lorocyproca
  1864 | D        | Killed a deep elf master archer
  1977 | D        | Noticed a daeva
  1980 | D        | Noticed an unseen horror
  1980 | D        | Noticed an unseen horror
  1980 | D        | Noticed an unseen horror
  1982 | D        | Noticed an unseen horror
  1982 | D        | HP: 12/75 [daeva/divine providence (8)]
  1984 | D        | HP: 5/75 [unseen horror (3)]
  1984 | D        | Killed from afar by a daeva

Vault maps used:
D:        dungeon_sprint_1

Skill      XL: |  1  2  3  4  5  6  7  8  9 10 11 |
---------------+----------------------------------+-----
Fighting       | 3 5 6 8 10 11 12 | 12.8
Dodging        | 3 5 6 8 10 11 12 | 12.8
Unarmed Combat | 4 6 7 9 10 11 12 13 14 | 14.9
Invocations    | 3 6 8 9 11 | 11.3
Shields        | 4 6 8 |  8.5
Stealth        | |  1.0

Action                   |  1- 3 |  4- 6 |  7- 9 | 10-12 || total
-------------------------+-------+-------+-------+-------++-------
Melee: Unarmed           |    14 |    19 |    47 |   126 ||   206
       Punch             |     1 |     2 |     2 |     4 ||     9
Throw: Tomahawk          |       |       |       |     1 ||     1
Invok: Ancestor Life: Ba |       |     1 |       |       ||     1
  Use: Potion            |     1 |       |     2 |     5 ||     8
 Stab: Sleeping          |       |     1 |     1 |     3 ||     5
       Distracted        |       |       |       |     2 ||     2
  Eat: Chunk             |       |     2 |     6 |     6 ||    14
       Fruit             |       |       |       |     3 ||     3
       Bread ration      |       |       |       |     1 ||     1
Armor: Robe              |     2 |     2 |     8 |    10 ||    22
Dodge: Dodged            |     3 |     6 |    33 |    64 ||   106
Block: Shield            |       |       |       |    26 ||    26

Vault maps used:
D:        dungeon_sprint_1

Table legend:
 A = Turns spent in this place as a percentage of turns spent in the entire game.
 B = Non-inter-level travel turns spent in this place as a percentage of non-inter-level travel turns spent in the entire game.
 C = Inter-level travel turns spent in this place as a percentage of turns spent in this place.
 D = Turns resting spent in this place as a percentage of non-inter-level travel turns spent in this place.
 E = Turns spent auto-exploring this place as a percentage of non-inter-level travel turns spent in this place.
 F = Non-inter-level travel turns spent in this place divided by the number of levels of this place that you've seen.
                   A       B       C       D       E      F
               +-------+-------+-------+-------+-------+----------------------
         Total | 100.0 | 100.0 |   0.4 |   5.5 |   0.0 | 1019.0
       Dungeon | 100.0 | 100.0 |   0.4 |   5.5 |   0.0 | 1019.0
               +-------+-------+-------+-------+-------+----------------------

Table legend:
 A = Kills in this place as a percentage of kills in entire the game.
 B = Kills by you in this place as a percentage of kills by you in the entire game.
 C = Kills by friends in this place as a percentage of kills by friends in the entire game.
 D = Other kills in this place as a percentage of other kills in the entire game.
 E = Experience gained in this place as a percentage of experience gained in the entire game.
 F = Experience gained in this place divided by the number of levels of this place that you have seen.
                   A       B       C       D       E      F
               +-------+-------+-------+-------+-------+----------------------
         Total | 100.0 | 100.0 | 100.0 |  -nan | 100.0 | 20694.0
       Dungeon | 100.0 | 100.0 | 100.0 |  -nan | 100.0 | 20694.0
               +-------+-------+-------+-------+-------+----------------------
